← All builds
Suicide front / Armada / Economy first / OBSERVED BUILD

Janus skirmish rush

Armada Suicide front build order · Supreme Isthmus

Vehicle plant first into an early Janus-led T1 vehicle skirmish force by 1:22, far earlier than the role norm, fighting almost entirely in the middle and sometimes pushing into the enemy base.

Usually 3 mex, then lab (64%)

#rush #artillery #push · 117 distinct matches · 21 players · 5% of Armada Suicide front games · team won 55% of 118 · Recently observed

THE CATCH, AND WHAT COMES WITH IT
  • JanusT1 vehicle skirmishers from 1:24 · 6% of role by thenFrom the Vehicle Plant. Only 6% of Suicide front games have it by then; others who build it get it around 1:37
  • Vehicle PlantVehicle Plant in 99%6% of all Suicide front games by then
  • RoverScout in 99%4% of all Suicide front games by then
  • BlitzBlitz in 60%7% of all Suicide front games by then
  • ShellshockerArty in 49%3% of all Suicide front games by then

Where those units first fight, in 118 games with kill data: in the middle 95%, on their own side 5%.

Those units destroy a typical 1,274 metal of enemy units by 15:00.

Then transitions into blitz (29% of army), missile truck (12% of army).

HOW TO PLAY IT

Key timing: Vehicle Plant by 0:29

  1. Rush Vehicle Plant instead of the usual bot lab opening.
  2. Send Rover scouts out for early raiding and vision.
  3. Push Janus skirmishers to fight at range in the middle.
  4. Add Shellshocker arty to back the skirmish line.
  5. Transition into Blitz tanks and missile trucks as the army scales.

Phase by phase

TYPICAL OF ITS 117 GAMES · AGAINST STANDARD SUICIDE FRONT
  1. 1
  2. 2
  3. 3
  4. 4
PLAY THE OPENING

Follow the example game's first 6:00 step by step: what to build now, what comes next, and where it goes. At 1× it keeps pace with your own game.

  1. 1

    Up to the Vehicle Plant

    Economy
    • Metal Extractor3Mex+2 vs standard
    Order
    1. Vehicle PlantVehicle Plant after 3 mexdone ~0:47, middle half 0:40–0:53

    By 0:29 in all: 3 mex (standard 1)

    The example game in this phase · 5 steps
    1. Mex ×2
    2. SentrySentry
    3. Mex
    4. Radar TowerRadar Tower
    5. Vehicle PlantVehicle Plantdone 1:01 · typical 0:47
  2. 2

    Vehicle Plant to T1 vehicle skirmishers

    Economy
    • Wind Turbine1Wind
    Order
    1. JanusT1 vehicle skirmishers after 3 mex, 2 wind
    Builders
    • Construction Vehicle2 Con vehicle +2 vs standard
    Army
    • Rover2 Scout +2 vs standard

    Some games also: mex (35%)

    The standard build makes here, this one skips: 2 mex · 2 con bot

    By 1:24 in all: 3 mex · 2 wind

    The example game in this phase · 4 steps
    1. Construction VehicleCon vehicle
    2. Wind ×5
    3. Construction VehicleCon vehicle
    4. JanusJanusdone 1:55
  3. 3

    T1 vehicle skirmishers to 5:00

    Economy
    • Metal Extractor2Mex
    • Wind Turbine4Wind
    Builders
    • Construction Vehicle2 Con vehicle +2 vs standard
    Army
    • Sentry3 Sentry
    • Janus3 Janus +3 vs standard
    • Whistler3 Missile truck +3 vs standard

    Some games also: Radar Tower (49%) · Dragon's Teeth (48%) · arty (46%) · blitz (39%)

    The standard build makes here, this one skips: 2 con bot · 17 rocketeer

    By 5:00 in all: 5 mex · 6 wind (standard 4)

    The example game in this phase · 22 steps
    1. JanusJanus
    2. Wind
    3. Mex
    4. JanusJanus
    5. SentrySentry
    6. JanusJanus ×2
    7. Dragon's TeethDragon's Teeth
    8. BlitzBlitz
    9. Dragon's TeethDragon's Teeth
    10. BlitzBlitz
    11. Dragon's TeethDragon's Teeth
    12. BlitzBlitz
    13. Mex
    14. BlitzBlitz
    15. Dragon's TeethDragon's Teeth ×4
    16. BlitzBlitz ×3
    17. Dragon's TeethDragon's Teeth
    18. BlitzBlitz ×2
    19. Dragon's TeethDragon's Teeth ×3
    20. BlitzBlitz
    21. Dragon's TeethDragon's Teeth ×3
    22. BlitzBlitz ×5
  4. 4

    5:00 to 10:00

    Economy
    • Metal Extractor1Mex
    • Wind Turbine13Wind
    Builders
    • Construction Turret2 Con turret
    • Construction Vehicle1 Con vehicle
    Army
    • Sentry2 Sentry
    • Blitz12 Blitz +12 vs standard
    • Whistler2 Missile truck +2 vs standard

    Some games also: energy storage (47%) · Dragon's Teeth (39%) · Beamer (36%) · Radar Tower (34%)

    The standard build makes here, this one skips: 2 Lazarus · 8 rocketeer

    By 10:00 in all: 7 mex · 19 wind · 1 energy storage · 2 con turret

    The example game in this phase · 118 steps
    1. BlitzBlitz ×6
    2. BeamerBeamer
    3. BlitzBlitz ×3
    4. Con turret
    5. BlitzBlitz ×10
    6. Construction VehicleCon vehicle
    7. Metal storage
    8. Energy storage
    9. BlitzBlitz ×3
    10. Wind ×2
    11. BlitzBlitz
    12. Wind
    13. Mex
    14. BlitzBlitz
    15. Wind ×3
    16. Twilight ×2
    17. Construction VehicleCon vehicle
    18. Wind
    19. BlitzBlitz
    20. Wind
    21. BlitzBlitz
    22. Wind
    23. BlitzBlitz
    24. Wind
    25. Converter
    26. BlitzBlitz
    27. Wind
    28. BlitzBlitz
    29. Wind
    30. Construction VehicleCon vehicle
    31. Converter
    32. BlitzBlitz
    33. RoverScout ×3
    34. Wind
    35. Converter
    36. RoverScout ×4
    37. Wind
    38. Converter
    39. Bot LabBot Labdone 11:12
    40. RoverScout
    41. Con turret
    42. RoverScout
    43. Converter
    44. Wind
    45. RoverScout ×2
    46. Converter
    47. RoverScout
    48. Wind
    49. LazarusLazarus
    50. RoverScout
    51. LazarusLazarus
    52. RoverScout
    53. LazarusLazarus
    54. Converter
    55. RoverScout
    56. Wind ×2
    57. LazarusLazarus
    58. RoverScout
    59. Energy storage
    60. LazarusLazarus
    61. RoverScout
    62. LazarusLazarus
    63. RoverScout
    64. Wind
    65. LazarusLazarus
    66. RoverScout
    67. LazarusLazarus
    68. RoverScout
    69. Construction VehicleCon vehicle ×2
    70. LazarusLazarus
    71. Wind
    72. Energy storage
    73. Wind
    74. Construction VehicleCon vehicle
    75. Wind
    76. Advanced Vehicle PlantAdvanced Vehicle Plantdone 14:12
    77. Wind
    78. Converter
    79. Wind ×2
    80. Converter
    81. TickTick
    82. Wind
    83. TickTick
    84. Converter
    85. Wind
    86. TickTick
    87. Wind
    88. Converter
    89. Advanced Metal ExtractorT2 mexfor Frontdone 14:19 · typical 9:33
    90. TickTick
    91. Wind
    92. TickTick
    93. Wind
    94. Converter
    95. TickTick ×2
    96. Wind
    97. TickTick
    98. Converter
    99. Advanced Construction VehicleT2 con vehicle
    100. TickTick
    101. Wind
    102. TickTick
    103. Wind
    104. Converter
    105. TickTick
    106. StarlightStarlightdone 14:58
    107. LazarusLazarus
    108. TickTick
    109. Wind
    110. TickTick
    111. Wind
    112. Converter
    113. TickTick
    114. Advanced Metal ExtractorT2 mex
    115. StarlightStarlight
    116. TickTick
    117. Wind
    118. TickTick

Counts are medians over the build's games: half of them build more, half fewer. The example game is Hummell's (47 OS, 04/10/2026); pick another.

Team trades

IN AT LEAST 30% OF ITS GAMES

You hand over

Nothing regular.

You get

  • Tidal Generator4 Tidal from Pondfirst at 0:09 · in 79% of games
  • Advanced Construction Bot1 T2 con bot from Geo or Techfirst at 7:14 · in 54% of games

How it plays out

Typical game of this build against the role’s standard build, running totals by minute

  • This build
  • Standard suicide front

Metal produced

010k20k30k
0:005:0010:0015:00

metal

Enemy metal destroyed

05k10k
0:005:0010:0015:00

metal

Own metal lost

05k10k
0:005:0010:0015:00

metal

118 games.

Show as table
ByMetal produced: This buildMetal produced: Standard suicide frontEnemy metal destroyed: This buildEnemy metal destroyed: Standard suicide frontOwn metal lost: This buildOwn metal lost: Standard suicide front
1:003882250000
2:009238880000
3:001708204621618262106
4:0027553153698660370497
5:0037904242136214238771017
6:00484154342247230215701780
7:00594266713113317422052707
8:00712079244084403032543620
9:00825192854840478939634504
10:009619106715464541946615322
11:0011433122255834589756326059
12:0013250140766556651359966804
13:0015125161466831702965797522
14:0016778179797464767776298330
15:0018283202887972829390199186
WHAT THE NUMBERS SAY

Matched the standard build's win rate but produced less metal and destroyed slightly less enemy metal by 15:00.

  • + Own metal lost by 15:00 lower (8351 vs 9208).
  • + Catch units alone destroy a typical 1231 metal by 15:00.
  • − Metal produced by 15:00 lower than standard (18283 vs 19882).
  • − Enemy metal destroyed by 15:00 slightly lower (7840 vs 8172).
THE EXAMPLE YOU ARE READING

Hummell

47.2 OS · 04/10/2026

Open source match ↗

5 received units
1170 metal received · 26182 energy received

Allied construction assistance is unknown. Timings are observations, not a promise of solo reproducibility.

Typical milestones

Vehicle Plant0:47Middle 50%: 0:40–0:53 · n=118
Advanced Metal Extractor9:33Middle 50%: 8:34–10:35 · n=85

Played most by

Kcorp45games of this buildHummell25games of this buildImmort9games of this buildRexalidus7games of this buildAdeus6games of this build